 Dungeon Crawl Stone Soup version 0.22.1-2-g9c5b331383 (webtiles) character file.

416 Elric the Skirmisher (level 6, -5/49 HPs)
             Began as a Demonspawn Fighter on Nov 18, 2018.
             Was a Believer of Uskayaw.
             Slain by a sky beast (6 damage)
             ... on level 5 of the Dungeon.
             The game lasted 00:04:53 (3665 turns).

Elric the Skirmisher (Demonspawn Fighter)           Turns: 3665, Time: 00:04:54

Health: -5/49      AC:  5    Str: 23    XL:     6   Next: 60%
Magic:  15/15      EV:  7    Int: 13    God:    Uskayaw [**....]
Gold:   225        SH: 10    Dex: 12    Spells: 5/5 levels left

rFire    + . .     SeeInvis .   a - +1 long sword
rCold    . . .     Gourm    .   c - +0 shield
rNeg     . . .     Faith    .   b - +0 scale mail
rPois    .         Spirit   .   t - +0 helmet
rElec    .         Reflect  .   (no cloak)
rCorr    .         Harm     .   (no gloves)
MR       .....                  p - +0 pair of boots
Stlth    ..........             (no amulet)
HPRegen  0.16/turn              n - ring of magical power
MPRegen  0.14/turn              o - +3 ring of intelligence

@: mighty, corroded
A: talons 1, fire resistance 1, spiny 1
a: Stomp, Line Pass, Renounce Religion


You were on level 5 of the Dungeon.
You worshipped Uskayaw.
Uskayaw was noncommittal.
You were very hungry.

You visited 2 branches of the dungeon, and saw 6 of its levels.

You collected 225 gold pieces.

Inventory:

Hand Weapons
 a - a +1 long sword (weapon)
Armour
 b - a +0 scale mail (worn)
 c - a +0 shield (worn)
 p - a +0 pair of boots (worn)
 t - a +0 helmet (worn)
Jewellery
 n - a ring of magical power (left hand)
 o - a +3 ring of intelligence (right hand)
 x - an uncursed amulet of faith {unknown}
Wands
 h - a wand of scattershot (2)
Scrolls
 g - a scroll of blinking
 k - 2 scrolls of teleportation
 l - 2 scrolls of fog
 q - 5 scrolls of remove curse
 r - a scroll of amnesia {unknown}
 s - a scroll of random uselessness {unknown}
 v - a scroll of enchant armour {unknown}
 w - a scroll of immolation {unknown}
Potions
 e - 3 potions of lignification
 i - 4 potions of curing {unknown}
 j - a potion of flight {unknown}
 m - a potion of heal wounds {unknown}
 u - 2 potions of magic {unknown}
Comestibles
 f - 12 rations


   Skills:
 + Level 4.3 Fighting
 + Level 3.4 Long Blades
 + Level 4.1 Armour
 - Level 0.1 Dodging
 + Level 4.3 Shields


You had 5 spell levels left.
You didn't know any spells.
Your spell library was empty.

Dungeon Overview and Level Annotations

Branches:
Dungeon (5/15)             Temple (1/1) D:4

Altars:
Ashenzari
Cheibriados
Elyvilon
Fedhas
Gozag
Hepliaklqana
Kikubaaqudgha
Makhleb
Nemelex Xobeh
Okawaru
Qazlal
Ru
Sif Muna
Trog
Uskayaw
Vehumet
Wu Jian
Xom
Yredelemnul
Zin
The Shining One

Shops:
D:4 =?


Innate Abilities, Weirdness & Mutations

You have sharp toenails.
Your flesh is heat resistant. (rF+)
You are partially covered in sharp spines.


Message History

The sky beast hits you. The sky beast shocks you.
You closely miss the sky beast.
The sky beast is moderately wounded.
The sky beast is struck by your spines. The sky beast hits you.
The sky beast shocks you.
* * * LOW HITPOINT WARNING * * *
Your shield prevents you from hitting the sky beast.
The sky beast is heavily wounded.
You block the sky beast's attack. The sky beast hits you.
* * * LOW HITPOINT WARNING * * *
The sky beast shocks you.
* * * LOW HITPOINT WARNING * * *
You feel very mighty all of a sudden. You block the sky beast's attack.
You closely miss the sky beast.
The sky beast is heavily wounded.
The sky beast hits you.
* * * LOW HITPOINT WARNING * * *
The sky beast shocks you.
You die...

###...#### ##.##. #...#
#.....#.# #...#
#..##.#.#
###...######..##.#.# .
...................###..
............(..........
....................#
#.#...#.###.#.##.Y#.
#.#...#.# #.#...@.#
#.#...#.# #.#..##.#
#...#.# #..... ...
......# #.........# ##.
### #.##.#.#.##
#.##...... .......#.##
#. ### #.#


You could see a sky beast.

Vanquished Creatures
  An ogre (D:3)
  A jelly (D:5)
  2 iguanas (D:4)
  A hound skeleton (D:4)
  10 adders
  2 oozes
  An adder skeleton (D:4)
  5 worms
  6 dart slugs
  5 leopard geckos
  12 orcs
  2 giant cockroaches
  9 hobgoblins
  3 jackals (D:4)
  10 kobolds
  2 quokkas
  2 ball pythons (D:3)
  10 bats
  A frilled lizard (D:3)
  3 goblins
  A leopard gecko skeleton (D:4)
  8 rats
97 creatures vanquished.

Notes
Turn   | Place    | Note
-------+----------+-------------------------------------------
     0 | D:1      | Elric the Demonspawn Fighter began the quest for the Orb.
     0 | D:1      | Reached XP level 1. HP: 18/18 MP: 1/1
    52 | D:1      | Gained mutation: Your flesh is heat resistant. (rF+)
                  | [demonic ancestry]
    52 | D:1      | Reached XP level 2. HP: 15/24 MP: 2/2
   393 | D:1      | Reached XP level 3. HP: 24/29 MP: 3/3
   995 | D:2      | Gained mutation: You are partially covered in sharp spines.
                  | [demonic ancestry]
   995 | D:2      | Reached XP level 4. HP: 35/35 MP: 4/4
  1933 | D:3      | Reached XP level 5. HP: 29/41 MP: 5/5
  2065 | D:3      | Noticed an ogre
  2074 | D:3      | Killed an ogre
  2815 | D:3      | Gained mutation: You have sharp toenails. [demonic
                  | ancestry]
  2815 | D:3      | Reached XP level 6. HP: 48/48 MP: 6/6
  2933 | D:4      | Found Calacs's Jewellery Shop.
  2998 | D:4      | Found Eraiqok's Magic Scroll Shoppe.
  3058 | D:4      | Found a sacrificial altar of Ru.
  3262 | D:4      | Found a staircase to the Ecumenical Temple.
  3303 | Temple   | Entered the Ecumenical Temple
  3427 | Temple   | Became a worshipper of Uskayaw the Reveler
  3483 | D:4      | Found a radiant altar of Vehumet.
  3495 | D:4      | Found a white marble altar of Elyvilon.
  3495 | D:4      | Found a stormy altar of Qazlal.
  3495 | D:4      | Found a basalt altar of Yredelemnul.
  3496 | D:4      | Found a hazy altar of Hepliaklqana.
  3497 | D:4      | Found a blossoming altar of Fedhas.
  3626 | D:5      | Entered Level 5 of the Dungeon
  3654 | D:5      | Noticed a sky beast
  3655 | D:5      | Reached * piety under Uskayaw
  3658 | D:5      | Reached ** piety under Uskayaw
  3665 | D:5      | HP: 1/49 [sky beast (2)]
  3665 | D:5      | Slain by a sky beast

Skill      XL: |  1  2  3  4  5  6 |
---------------+-------------------+-----
Armour         | 3 4 |  4.1
Long Blades    | 2 3 |  3.4
Shields        | 3 4 |  4.3
Fighting       | 4 |  4.3
Dodging        | |  0.1

Action                   |  1- 3 |  4- 6 || total
-------------------------+-------+-------++-------
Melee: Long sword        |   117 |   162 ||   279
  Use: Scroll            |       |     6 ||     6
       Potion            |       |     1 ||     1
  Eat: Chunk             |       |     8 ||     8
Armor: Scale mail        |    68 |    61 ||   129
Dodge: Dodged            |    38 |    36 ||    74
Block: Shield            |    71 |    82 ||   153
       Rpst.: Long sword |    12 |    13 ||    25
